Unix NetHack Version 3.7.0-71 Work-in-progress - last build Jan 31 2023 02:41:03 (7ba98a1283f2b7cec35fde026edb48fc825ab8ae,branch:master). Game began 2023-02-08 22:26:49, ended 2023-02-08 23:13:26. Gandelf, neutral male human Monk ----------------------------- |...u|................^^^^^%| |...@|0....----------------+| |....).....| |.........| |.00.|0.%..| |.........| |..0.|.....| |.........| |-.--------- |.........| |....|....| |....<....| |..0%.....--- |.........| |..00|00...>| |.........| |....|....--- |.........| ----------- ----------- Gandelf the Initiate St:18/02 Dx:11 Co:14 In:9 Wi:16 Ch:9 Neutral S:4430 Dlvl:4 $:318 HP:0(53) Pw:27(27) AC:3 Xp:7/948 T:4957 Burdened Latest messages: Natty drops a blue jelly corpse. Natty picks up a blue jelly corpse. Natty drops a blue jelly corpse. You swap places with Natty. You see here a blue jelly corpse. Natty picks up a blue jelly corpse. Natty drops a blue jelly corpse. Natty picks up a blue jelly corpse. You see here a throwing spear. You hear a monster behind the boulder. Perhaps that's why you cannot move it. Natty picks up a blue jelly corpse. You hear a monster behind the boulder. Perhaps that's why you cannot move it. Natty drops a blue jelly corpse. With great effort you move the boulder. Natty picks up a blue jelly corpse. You see here a throwing spear. Natty drops a blue jelly corpse. You try to move the boulder, but in vain. Natty picks up a blue jelly corpse. Natty drops a blue jelly corpse. You try to move the boulder, but in vain. The boulder falls into and plugs a hole in the floor! You stop. Natty is in the way! You swap places with Natty. You see here a throwing spear. The white unicorn butts! The white unicorn kicks! You miss the white unicorn. The white unicorn butts! The white unicorn kicks! You miss the white unicorn. The white unicorn just misses! The white unicorn misses! The white unicorn butts! The white unicorn kicks! The white unicorn butts! The white unicorn kicks! The white unicorn misses! The white unicorn kicks! You hit the white unicorn! The white unicorn butts! The white unicorn kicks! You die... Do you want your possessions identified? [ynq] (y) y Do you want to see your attributes? [ynq] (y) y Do you want an account of creatures vanquished? [ynaq] (y) y Do you want to see your conduct and achievements? [ynq] (y) y Do you want to see the dungeon overview? [ynq] (y) y Inventory: Coins $ - 318 gold pieces Weapons z - 7 +0 arrows D - 16 +0 arrows F - 12 blessed +1 crossbow bolts E - a blessed +1 bow H - 10 +2 darts o - 7 +0 darts (at the ready) e - a +0 silver saber Armor L - an uncursed +0 dwarvish iron helm q - an uncursed +2 pair of leather gloves C - an uncursed +0 pair of iron shoes (being worn) K - an uncursed +0 dwarvish roundshield (being worn) b - an uncursed +1 robe (being worn) Comestibles t - 5 uncursed apples g - 3 uncursed food rations W - 7 uncursed food rations j - 3 uncursed fortune cookies i - 6 uncursed oranges c - an uncursed pancake J - an uncursed sprig of wolfsbane B - 3 uncursed tripe rations Scrolls s - an uncursed scroll of create monster R - an uncursed scroll of destroy armor N - 2 uncursed scrolls of earth O - an uncursed scroll of enchant armor P - a cursed scroll of enchant weapon l - an uncursed scroll of fire T - an uncursed scroll of food detection X - an uncursed scroll of genocide y - a cursed scroll of gold detection Y - an uncursed scroll of identify d - 2 uncursed scrolls of light Z - 3 uncursed scrolls of teleportation Rings A - a cursed -1 ring of gain constitution Wands h - a wand of digging (0:6) m - a blessed wand of lightning (0:5) G - a wand of striking (0:7) Tools S - a horn of plenty (0:19) n - an uncursed blindfold k - a cursed lock pick a - an uncursed magic whistle f - an uncursed mirror u - an uncursed oil lamp p - a +0 pick-axe r - a cursed towel Gems/Stones v - an uncursed amber stone M - 2 uncursed worthless pieces of green glass U - an uncursed worthless piece of green glass I - an uncursed worthless piece of orange glass V - 2 uncursed worthless pieces of violet glass w - 2 uncursed worthless pieces of yellowish brown glass Q - an uncursed flint stone Gandelf the Monk's attributes: Background: You were an Initiate, a level 7 male human Monk. You were neutral, on a mission for Chih Sung-tzu who was opposed by Shan Lai Ching (lawful) and Huan Ti (chaotic). You were in Sokoban, on level 4. You entered the dungeon 4957 turns ago. It was nighttime. You had 948 experience points, 332 more were needed to attain level 8. Your score was 4430 before end-of-game adjustments. Basics: You had 0 out of 53 hit points. You had all 27 energy points (spell power). Your armor class was 3. Your wallet contained 318 zorkmids. Autopickup was on for '$?!+/=' plus thrown. Final Characteristics: Your strength was 18/02 (limit:18/100). Your dexterity was 11 (limit:18). Your constitution was 14 (limit:18). Your intelligence was 9 (limit:18). Your wisdom was 16 (limit:18). Your charisma was 9 (limit:18). Final Status: You were not hungry. You were burdened; movement was slightly slowed. You were bare handed. You were skilled in martial arts. Final Attributes: You were piously aligned. You were sleep resistant. You were poison resistant. You saw invisible. You were warned. You were stealthy. You were guarded. You were fast. You are dead. Miscellaneous: You never encountered a bones level. Total elapsed playing time was 46 minutes and 37 seconds. Major events: Turn 1: Gandelf the neutral male human Monk entered the dungeon 606: entered the Gnomish Mines 627: attained the rank of Novice (level 3) 899: reached Mine Town 1840: attained the rank of Initiate (level 6) 4279: entered Sokoban 4596: completed 1st Sokoban level 4957: killed by a white unicorn Vanquished creatures: a wolf a blue jelly a gnome mummy 2 water nymphs 2 orc shamans a fog cloud 2 shriekers a gnome leader 2 gnomish wizards a golden naga hatchling 3 gray oozes 2 straw golems a giant ant a kitten 7 dwarves a homunculus 3 hill orcs 3 rothes a wererat 5 iguanas 10 killer bees 2 gas spores 4 hobbits a hobgoblin 2 giant rats a yellow mold a green mold a red mold 14 gnomes 2 geckos 4 jackals a fox 2 goblins 4 grid bugs 2 bats a lichen a kobold zombie 3 newts 97 creatures vanquished. No species were genocided or became extinct. Voluntary challenges: You followed a strict vegan diet. You never hit with a wielded weapon. You read items or engraved 2 times. You never engraved Elbereth. You never genocided any monsters. You never polymorphed an object. You never changed form. You used no wishes. You did not violate any of the special Sokoban rules. Achievements: You entered a shop. You entered the Gnomish Mines. You attained the rank of Novice. You entered Minetown. You entered a temple. You attained the rank of Initiate. You entered Sokoban. The Dungeons of Doom: levels 1 to 7 Level 1: A fountain. Level 2: A general store. Level 3: A delicatessen. Stairs down to The Gnomish Mines. Level 4: Level 5: Many fountains. Oracle of Delphi. Level 6: Some fountains. Stairs up to Sokoban, level 5. Level 7: The Gnomish Mines: levels 4 to 6 Level 4: Level 5: Level 6: Many shops, a temple, some fountains. Sokoban: levels 5 up to 4 Level 4: <- You were here. Unsolved. Final resting place for you, killed by a white unicorn. Level 5: Solved. Game over: ---------- / \ / REST \ / IN \ / PEACE \ / \ | Gandelf | | 318 Au | | killed by a | | white unicorn | | | | | | 2023 | *| * * * | * _________)/\\_//(\/(/\)/\//\/|_)_______ Goodbye Gandelf the Monk... You died in Sokoban on dungeon level 4 with 4399 points, and 318 pieces of gold, after 4957 moves. You were level 7 with a maximum of 53 hit points when you died.